 Dungeon Crawl Stone Soup version 0.30-a0-313-gae38170b09 (webtiles) character file.

Game seed: 13902078098630860981

210 lunkers the Chiller (level 6, -12/45 HPs)
             Began as a Meteoran Ice Elementalist on Oct 26, 2022.
             Mangled by a nameless horror (18 damage)
             ... created by miscasting Summon Ice Beast
             ... on level 5 of the Dungeon.
             The game lasted 00:03:19 (1591 turns).

lunkers the Chiller (Meteoran Ice Elementalist)     Turns: 1591, Time: 00:03:20

Health: -12/45     AC:  3    Str:  9    XL:     6   Next: 35%
Magic:  13/13      EV: 12    Int: 19    God:
Gold:   103        SH:  0    Dex: 15    Spells: 3/14 levels left

rFire   . . .      SeeInvis .    g - +3 rapier (drain)
rCold   . . .      Faith    .    (no shield)
rNeg    . . .      Spirit   .    a - +0 robe
rPois   .          Reflect  .    (no helmet)
rElec   .          Harm     .    f - +0 cloak
rCorr   .          Rampage  .    (no gloves)
Will    .....                    (no boots)
Stlth   +.........               (no amulet)
HPRegen 0.27/turn                (no ring)
MPRegen 0.13/turn                (no ring)

@: lethally poisoned (-12 -> -17), freezing walls, glowing
A: sense surroundings 1, otherworldly, glowing, explore regen
a: no special abilities


You were on level 5 of the Dungeon.
You visited 1 branch of the dungeon, and saw 5 of its levels.

You collected 103 gold pieces.

Inventory:

Hand Weapons
 d - a +0 flail
 g - a +3 rapier of draining (weapon)
 l - a +0 dagger of electrocution
Armour
 a - a +0 robe (worn)
 f - a +0 cloak (worn)
 i - an orb of energy
Wands
 n - a wand of digging (1)
Scrolls
 c - a scroll of fog
 e - a scroll of teleportation {unknown}
 h - a scroll of identify {unknown}
 k - a scroll of enchant weapon {unknown}
 o - 4 scrolls of immolation {unknown}
Potions
 j - a potion of invisibility {unknown}
 m - a potion of flight {unknown}
 p - a potion of curing {unknown}


   Skills:
 - Level 2.4 Dodging
 - Level 1.4 Stealth
 + Level 4.5 Spellcasting
 * Level 1.5 Summonings
 * Level 6.5 Ice Magic


You had 3 spell levels left.
You knew the following spells:

 Your Spells              Type           Power      Damage    Failure   Level
a - Freeze                Ice            100%       1d10      1%          1
b - Frozen Ramparts       Ice            58%        1d9       2%          3
c - Ozocubu's Armour      Ice            29%        N/A       2%          3
d - Summon Ice Beast      Ice/Summ       19%        N/A       24%         4

Your spell library contained the following spells:

 Spells                   Type           Power      Damage    Failure   Level
 Cigotuvi's Dreadful Rot  Necr/Pois/Air  8%         N/A       21%         2
 Dispel Undead            Necr           4%         3d7       78%         4
 Death Channel            Necr           2%         N/A       100%        6


Dungeon Overview and Level Annotations

Branches:
Dungeon (5/15) Zot: 1404   Temple (0/1) D:5

Altars:
Cheibriados
Dithmenos
Fedhas
Makhleb
Okawaru
Uskayaw
Wu Jian
The Shining One

Annotations:
D:4 exclusion: oklob plant


Innate Abilities, Weirdness & Mutations

You passively map a small area around you.
You are easily found by Zot.
You glow in the dark.
You regain HP and MP as you explore.


Message History

You miss the phantom.
The phantom is severely damaged.
The phantom hits you.
Your magical contamination has completely faded away.
You barely miss the phantom.
The phantom is severely damaged.
The scorpion stings you.
You are poisoned.
The scorpion poisons you! The nameless horror closely misses you.
The phantom hits you but does no damage.
The phantom attacks as you move away! The phantom closely misses you.
You feel very sick. The nameless horror barely misses you.
The scorpion closely misses you.
Casting: Frozen Ramparts (dangerous; 2% risk of failure)
Confirm with . or Enter, or press ? or * to list all spells.
Casting: Frozen Ramparts (dangerous; 2% risk of failure)
Press: ? - help, Dir - look around, f - activate The walls around you are covered in ice.
You feel sick.
The wall freezes the nameless horror.
The nameless horror completely misses you.
The phantom hits you.
* * * LOW HITPOINT WARNING * * *
The wall freezes the scorpion.
The scorpion barely misses you.
You barely miss the phantom.
The phantom is heavily damaged.
You feel very sick.
The wall freezes the nameless horror but does no damage.
The nameless horror hits you but does no damage.
The phantom barely misses you.
The wall freezes the scorpion.
The scorpion barely misses you.
The wall freezes the nameless horror.
The nameless horror hits you!
* * * LOW HITPOINT WARNING * * *
You feel your power leaking away.
* * * LOW MAGIC WARNING * * *
Unknown command.
Magic courses through your body.
You feel sick.
The wall freezes the scorpion.
The scorpion closely misses you. The phantom misses you.
The wall freezes the nameless horror but does no damage.
The nameless horror hits you!!
You die...

#.###.###.# .# ,
#.# #.###.##.#.
,.., #.#
#.##...#.#.. ..
#.# #........#.#
.## #.#
####...###.###..#
#.#
##...........#
#.#* #
#<.##...##..# ...
...#..##..X##.##
, #...(....s@..#
#.......>W...#
#............# *
, #....##...##.#
*#....##...##.# ,
##...........# ,
* ,..........####
.##.######## #.


You could see a nameless horror, a phantom and a scorpion.

Vanquished Creatures
  A phantom (D:3)
  An iguana (D:5)
  4 adders
  A white imp (D:5)
  2 worms
  6 orcs
  8 ball pythons
  5 endoplasms
  4 giant cockroaches
  6 goblins
  3 hobgoblins
  A quokka (D:1)
  5 bats
  2 frilled lizards (D:3)
  5 kobolds
  4 rats
58 creatures vanquished.

Notes
Turn   | Place    | Note
-------+----------+-------------------------------------------
     0 | D:1      | lunkers the Meteoran Ice Elementalist began the quest for
                  | the Orb.
     0 | D:1      | Reached XP level 1. HP: 14/14 MP: 5/5
   232 | D:1      | Reached XP level 2. HP: 20/20 MP: 3/6
   376 | D:2      | Reached skill level 5 in Ice Magic
   376 | D:2      | Reached XP level 3. HP: 19/26 MP: 4/8
   409 | D:2      | You fall into a shaft and drop 2 floors!
   523 | D:3      | Reached XP level 4. HP: 31/33 MP: 8/10
   527 | D:3      | Learned a level 3 spell: Frozen Ramparts
   531 | D:3      | Learned a level 3 spell: Ozocubu's Armour
   770 | D:3      | Noticed a phantom
   794 | D:3      | Killed a phantom
   795 | D:3      | Reached skill level 6 in Ice Magic
   795 | D:3      | Reached XP level 5. HP: 9/38 MP: 0/12
   829 | D:3      | Learned a level 4 spell: Summon Ice Beast
   911 | D:3      | Found a shadowy altar of Dithmenos.
   911 | D:3      | Found an ornate altar of the Wu Jian Council.
   912 | D:3      | Found a snail-covered altar of Cheibriados.
   913 | D:3      | Found a hide-covered altar of Uskayaw.
   913 | D:3      | Found an iron altar of Okawaru.
   913 | D:3      | Found a burning altar of Makhleb.
   914 | D:3      | Found a glowing golden altar of the Shining One.
   950 | D:2      | Reached XP level 6. HP: 45/45 MP: 11/13
  1075 | D:2      | Found a faded altar of an unknown god.
  1076 | D:2      | Noticed a floating eye
  1078 | D:2      | Noticed an eye of devastation
  1078 | D:2      | Noticed an eye of devastation
  1078 | D:2      | Noticed a golden eye
  1257 | D:4      | Reached skill level 1 in Summonings
  1285 | D:4      | Found a blossoming altar of Fedhas.
  1300 | D:4      | Noticed an oklob plant
  1509 | D:5      | Entered Level 5 of the Dungeon
  1571 | D:5      | Found a staircase to the Ecumenical Temple.
  1577 | D:5      | Noticed a nameless horror
  1591 | D:5      | Mangled by a nameless horror

Illustrated notes

Levels and vault maps discovered:
D:1:      dpeg_arrival_renting, layout_loops_ring
D:2:      layout_basic, basic_altar, hellmonk_ecumenical_altar_watching_god,
          lightli_corner_chamber
D:3:      layout_basic, grunt_temple_overflow_open, guppyfry_early_orc_mine
D:4:      layout_loops_ring, tgw_fedhas
D:5:      layout_loops_ring, mainiacjoe_overflow_six_doors_small,
          minmay_temple_entry_stoned_glass, minmay_manual_mail

Skill      XL: |  1  2  3  4  5  6 |
---------------+-------------------+-----
Spellcasting   | 3 4 |  4.5
Ice Magic      | 5 6 |  6.5
Summonings     | 1 |  1.5
Dodging        | |  2.4
Stealth        | |  1.4

Action                   |  1- 3 |  4- 6 || total
-------------------------+-------+-------++-------
Melee: Rapier            |       |    28 ||    28
 Cast: Freeze            |    32 |    49 ||    81
       Frozen Ramparts   |       |     6 ||     6
       Ozocubu's Armour  |       |     1 ||     1
  Use: Scroll            |       |     1 ||     1
       Potion            |       |     1 ||     1
Armor: Robe              |     5 |    16 ||    21
Dodge: Dodged            |    11 |    40 ||    51

Table legend: (Time is in decaauts)
 A = Elapsed time spent in this place.
 B = Non-inter-level travel time spent in this place.
 C = Inter-level travel time spent in this place.
 D = Time resting spent in this place.
 E = Time spent auto-exploring this place.
 F = Levels seen in this place.
 G = Mean time per level.
                   A        B        C        D        E       F      G
               +--------+--------+--------+--------+--------+-----+--------+
         Total |   1594 |   1512 |     82 |      0 |   1105 |   5 |  318.8 |
       Dungeon |   1594 |   1512 |     82 |      0 |   1105 |   5 |  318.8 |
               +--------+--------+--------+--------+--------+-----+--------+

Top non-repeatable levels by time:
     D:4: 498 daAuts
     D:3: 449 daAuts
     D:1: 332 daAuts
     D:2: 230 daAuts
     D:5: 84 daAuts
